 Dungeon Crawl Stone Soup version 0.27.1-33-g824d729ab1 (webtiles) character file.

Game seed: 5253701130613930213

240 zeram the Covert (level 5, -1/25 HPs)
             Began as a Spriggan Brigand on Dec 10, 2021.
             Slain by an ogre (16 damage)
             ... on level 4 of the Dungeon.
             The game lasted 00:05:07 (2899 turns).

zeram the Covert (Spriggan Brigand)                 Turns: 2899, Time: 00:05:07

Health: -1/25      AC:  7    Str:  7    XL:     5   Next: 80%
Magic:  6/6        EV: 16    Int: 13    God:
Gold:   91         SH:  0    Dex: 17    Spells: 4/4 levels left

rFire    . . .     SeeInvis +   a - +2 dagger
rCold    . . .     Faith    .   (shield restricted)
rNeg     . . .     Spirit   .   b - +2 robe
rPois    .         Reflect  .   (helmet restricted)
rElec    .         Harm     .   f - +2 cloak {Will+}
rCorr    .         Rampage  .   (gloves unavailable)
Will     +....                  (boots unavailable)
Stlth    +++++.....             (no amulet)
HPRegen  0.08/turn              (no ring)
MPRegen  0.10/turn              (no ring)

@: very quick
A: very small, no large weapons, unfitting armour, see invisible, speed 3
a: no special abilities


You were on level 4 of the Dungeon.
You visited 1 branch of the dungeon, and saw 4 of its levels.

You collected 91 gold pieces.

Inventory:

Hand Weapons
 a - a +2 dagger (weapon)
Missiles
 d - 3 poisoned darts (quivered)
 e - 2 curare-tipped darts
Armour
 b - a +2 robe (worn)
 f - a +2 cloak of willpower (worn)
Potions
 g - a potion of curing
 h - a potion of degeneration {unknown}
 j - a potion of attraction {unknown}


   Skills:
 - Level 1.5 Fighting
 - Level 2.1 Short Blades
 - Level 2.0 Throwing
 - Level 1.3 Dodging
 + Level 10.7 Stealth


You had 4 spell levels left.
You didn't know any spells.
Your spell library contained the following spells:

 Spells                   Type           Power      Damage    Failure   Level
 Conjure Ball Lightning   Conj/Air       0%         3x3d6     100%        6
 Discord                  Hex            0%         N/A       100%        8
 Disjunction              Tloc           0%         N/A       100%        8


Dungeon Overview and Level Annotations

Branches:
Dungeon (4/15)
 Temple: D:4-7

Altars:

Shops:
D:1 ?


Innate Abilities, Weirdness & Mutations

You are very small and have problems with some larger weapons.
You are too small for most types of armour.
You have supernaturally acute eyesight. (SInv)
You cover ground extremely quickly. (Speed+++)


Message History

Press: ? - help, Q - select action, (/) - cycle Shift-Dir - straight line, f/p - ogre
Aim: an ogre, wielding a +0 giant spiked club (lightly wounded, very poisoned, 75% to hit)
You throw a poisoned dart. The poisoned dart hits the ogre.
The ogre looks even sicker.
The ogre is lightly wounded.
Throw: 4 darts (poison)
Press: ? - help, Q - select action, (/) - cycle Shift-Dir - straight line, f/p - ogre
Aim: an ogre, wielding a +0 giant spiked club (lightly wounded, very poisoned, 75% to hit)
You throw a poisoned dart.
The poisoned dart closely misses the ogre.
The poisoned dart hits the ogre.
The ogre is poisoned.
Throw: 3 darts (poison)
Press: ? - help, Q - select action, (/) - cycle Shift-Dir - straight line, f/p - ogre
Aim: an ogre, wielding a +0 giant spiked club (lightly wounded, very poisoned, 75% to hit)
Okay, then.
You hit the ogre.
The ogre is lightly wounded.
The ogre misses you.
You hit the ogre.
The ogre is moderately wounded.
The ogre barely misses you.
You hit the ogre.
The ogre is heavily wounded.
You hit the ogre.
The ogre is severely wounded.
The ogre misses you.
You hit the ogre.
The ogre is severely wounded.
The ogre barely misses you.
You hit the ogre.
The ogre is severely wounded.
The ogre misses you.
You closely miss the ogre.
The ogre is severely wounded.
The ogre hits you with a +0 giant club! The ogre closely misses you.
You barely miss the ogre.
The ogre is almost dead.
The ogre hits you with a +0 giant club!
Ouch! That really hurt!
You die...

..## ##(.. ##.†#
##..# ####.(##
###.##(.# #......##
#...O...###
#..@O.....##
#..........###
#............##
#.............##
#........†.....##
#.##.............###
## ##..............#
##.............##
##............##


You could see 2 ogres.

Vanquished Creatures
  A black bear (D:4)
  An orc priest (D:3)
  An iguana (D:3)
  A gnoll (D:2)
  3 adders
  2 orcs (D:3)
  11 ball pythons
  3 endoplasms
  A giant cockroach (D:1)
  5 goblins
  3 hobgoblins (D:2)
  3 jackals (D:2)
  9 kobolds
  A quokka (D:1)
  5 bats
  4 frilled lizards
  A rat (D:1)
55 creatures vanquished.

Notes
Turn   | Place    | Note
-------+----------+-------------------------------------------
     0 | D:1      | zeram the Spriggan Brigand began the quest for the Orb.
     0 | D:1      | Reached XP level 1. HP: 10/10 MP: 2/2
    17 | D:1      | Found Woyh's Magic Scroll Shop.
    23 | D:1      | Reached skill level 6 in Stealth
   378 | D:1      | Reached XP level 2. HP: 14/14 MP: 3/3
   475 | D:1      | Found a faded altar of an unknown god.
   481 | D:1      | Reached skill level 7 in Stealth
   834 | D:2      | Reached XP level 3. HP: 18/18 MP: 4/4
  1124 | D:2      | Identified a scroll of acquirement
  1124 | D:2      | Acquired a +2 cloak of willpower
  1244 | D:2      | Reached skill level 8 in Stealth
  2248 | D:3      | Reached XP level 4. HP: 22/22 MP: 5/5
  2574 | D:3      | Reached skill level 9 in Stealth
  2600 | D:4      | Noticed an ogre
  2644 | D:3      | Reached XP level 5. HP: 14/25 MP: 6/6
  2875 | D:4      | Noticed a black bear
  2877 | D:4      | Noticed an ogre
  2878 | D:4      | Noticed an ogre
  2880 | D:4      | Killed a black bear
  2881 | D:4      | Reached skill level 10 in Stealth
  2899 | D:4      | Slain by an ogre

Illustrated notes

Levels and vault maps discovered:
D:1:      minmay_arrival_glassed_features, layout_basic,
          hellmonk_ecumenical_altar_prayer_group, serial_shops, shop
D:2:      layout_basic
D:3:      layout_basic
D:4:      layout_cave_pods, minmay_ruined_shrine

Skill      XL: |  1  2  3  4  5 |
---------------+----------------+-----
Stealth        | 6 7 8 9 10 | 10.7
Fighting       | |  1.5
Short Blades   | |  2.1
Throwing       | |  2.0
Dodging        | |  1.3

Action                   |  1- 3 |  4- 6 || total
-------------------------+-------+-------++-------
Melee: Dagger            |   128 |    46 ||   174
Throw: Dart              |       |    10 ||    10
  Use: Scroll            |     3 |     2 ||     5
       Potion            |       |     1 ||     1
 Stab: Sleeping          |    16 |     3 ||    19
       Distracted        |     1 |       ||     1
Armor: Robe              |    20 |     8 ||    28
Dodge: Dodged            |    81 |    39 ||   120
